 Dungeon Crawl Stone Soup version 0.31-a0-167-g1c394c0614 (webtiles) character file.

Game seed: 13647573139102176494

1321 qw the Cleaver (level 8, -1/51 HPs)
             Began as a Gargoyle Fighter on June 14, 2023.
             Slain by an ice beast (5 damage)
             ... on level 6 of the Dungeon.
             The game lasted 00:02:19 (4724 turns).

qw the Cleaver (Gargoyle Fighter)                   Turns: 4724, Time: 00:02:19

Health: -1/51      AC: 22    Str: 22    XL:     8   Next: 59%
Magic:  8/8        EV:  8    Int:  9    God:
Gold:   192        SH:  4    Dex:  9    Spells: 7/7 levels left

rFire   . . .        Y - +0 war axe (chaos)
rCold   . . .        c - +0 buckler
rNeg    + . .        h - +0 chain mail
rPois   inf          (no helmet)
rElec   +            f - +0 cloak
rCorr   .            b - +0 pair of gloves
SInv    .            j - +0 pair of boots
Will    .....        (no amulet) Stlth
                     e - +4 ring of protection
HPRegen 0.28/turn    (no ring)
MPRegen 0.11/turn

%: no passive effects
@: very slow
A: sickness immunity, AC +5, negative energy resistance 1, electricity
resistance, torment resistance 1, petrification resistance
a: no special abilities


You were on level 6 of the Dungeon.
You visited 2 branches of the dungeon, and saw 7 of its levels.

You collected 192 gold pieces.


Innate Abilities, Weirdness & Mutations

You are immune to sickness and miasma.
Your stone body is resilient. (AC +5)
You are immune to poison.
You resist negative energy. (rN+)
You are resistant to electric shocks. (rElec)
You are resistant to unholy torment.
You are immune to petrification.


   Skills:
 + Level 5.9 Fighting
 - Level 8.0 Axes
 - Level 1.0 Throwing
 - Level 4.2 Armour
 - Level 1.0 Dodging
 - Level 3.2 Shields


You had 7 spell levels left.
You didn't know any spells.
Your spell library was empty.

Inventory:

Hand Weapons
 l - a +0 hand axe
 p - a +0 heavy flail
 Y - a +0 war axe of chaos (weapon)
Missiles
 q - 2 boomerangs (quivered)
Armour
 b - a +0 pair of gloves (worn)
 c - a +0 buckler (worn)
 f - a +0 cloak (worn)
 h - a +0 chain mail (worn)
 j - a +0 pair of boots (worn)
 t - a +1 pair of gloves
Jewellery
 e - a +4 ring of protection (left hand)
Wands
 n - a wand of digging (3)
Scrolls
 m - a scroll of identify
 r - a scroll of teleportation
Potions
 a - 4 potions of curing
 d - a potion of might
 g - 2 potions of attraction
 i - a potion of resistance {unknown}
 k - 2 potions of haste
 o - a potion of invisibility {unknown}
 s - a potion of lignification

Dungeon Overview and Level Annotations

Branches:
Dungeon (6/15)             Temple (1/1) D:4

Altars:
Dithmenos
Elyvilon
Gozag
Hepliaklqana
Kikubaaqudgha
Nemelex Xobeh
Ru
Trog
Vehumet
Wu Jian
Xom
Yredelemnul
The Shining One


Message History

The ice beast is severely wounded.
You block the ice beast's attack.
You barely miss the ice beast.
The ice beast is severely wounded.
The ice beast hits you. The ice beast freezes you!
4686 ||| READING 2 scrolls of teleportation.
As you read the scroll of teleportation, it crumbles to dust.
You feel strangely unstable.
The ice beast hits you but does no damage.
You closely miss the ice beast.
The ice beast is severely wounded.
The ice beast hits you but does no damage.
You barely miss the ice beast.
The ice beast is severely wounded.
The ice beast hits you but does no damage.
You hit the ice beast.
The ice beast seems to speed up.
The ice beast is severely wounded.
Your surroundings suddenly seem different.
Splash!
You fall into the shallow water.
Moving in this stuff is going to be slow.
Enter note:
Enter note: You start resting.
An ice beast is nearby!
You throw a boomerang.
The boomerang hits the ice beast but does no damage.
The ice beast is severely wounded.
You throw a boomerang. The boomerang hits the ice beast.
The ice beast is severely wounded.
You throw a boomerang.
The boomerang closely misses the ice beast.
The boomerang hits the plant!
The plant begins to die.
The plant is lightly damaged.
You closely miss the ice beast.
The ice beast is severely wounded.
You hit the plant.
The plant begins to die.
You burn the plant. The ice beast hits you. The ice beast freezes you!
The ice beast hits you. The ice beast freezes you.
You die...

#..77~~~~~~~.~~7
#..7~~~~~~~~.~P7 ...
....%~~~~~~~.~~~7777.. ~
.....~~~~~~~.~~~~PP~P7~~
#..###~~P~P~.~P~~~~~~P~~
#..# ##~PPP~.~P~~~~~~~~P
#.... .7~~.............
#....< ..7~..~~Y~~~~~P~P
......#..#... 7@P~~7
###+### 7777~7 . .


P You could see an ice beast (fast).

Vanquished Creatures
  Grinder (D:5)
  An ice beast (D:6)
  A black bear (D:4)
  2 ogres
  Blork the orc (D:5)
  2 scorpions
  3 electric eels (D:6)
  A howler monkey (D:4)
  2 orc priests (D:4)
  3 hounds
  Jessica (D:3)
  An iguana (D:5)
  A sleepcap (D:5)
  3 gnolls (D:4)
  6 adders
  A white imp (D:3)
  2 ufetubi (D:4)
  4 worms
  4 dart slugs
  14 orcs
  6 endoplasms
  6 giant cockroaches
  9 goblins
  8 hobgoblins
  3 quokkas
  10 ball pythons
  5 bats
  3 frilled lizards
  4 kobolds
  2 rats (D:2)
110 creatures vanquished.

Notes
Turn   | Place    | Note
-------+----------+-------------------------------------------
     0 | D:1      | qw the Gargoyle Fighter began the quest for the Orb.
     0 | D:1      | Reached XP level 1. HP: 14/14 MP: 1/1
     0 | D:1      | 0 ||| qw: Version: 0.2-a-29-g1fa15c8
     0 | D:1      | 0 ||| qw: Game counter: 5092
     0 | D:1      | 0 ||| qw: Always use a shield: true
     0 | D:1      | 0 ||| qw: God list: Okawaru
     0 | D:1      | 0 ||| qw: Allow faded altars: false
     0 | D:1      | 0 ||| qw: Do Orc after D:15 true
     0 | D:1      | 0 ||| qw: Do second Lair branch before Depths: true
     0 | D:1      | 0 ||| qw: Lair rune preference: random
     0 | D:1      | 0 ||| qw: Plans: Normal, Zot:1-4, Slime:5, God:TSO, Crypt,
                  | Tomb, Abyss, Pan, Hells, Win
     0 | D:1      | 0 ||| PLANNING D:1-11
   115 | D:1      | Reached skill level 2 in Axes
   244 | D:1      | Reached XP level 2. HP: 19/19 MP: 2/2
   491 | D:1      | Reached skill level 3 in Axes
   547 | D:1      | Reached XP level 3. HP: 23/23 MP: 3/3
   766 | D:1      | 766 ||| UPGRADING to +0 cloak.
   771 | D:1      | 771 ||| UPGRADING to +0 chain mail.
   781 | D:1      | 781 ||| DROPPING +0 scale mail.
   782 | D:1      | 782 ||| UPGRADING to +0 pair of boots.
   787 | D:1      | 787 ||| UPGRADING to +4 ring of protection.
   788 | D:1      | 788 ||| READING scroll labelled WYLIYCRIONA.
   789 | D:1      | 789 ||| READING 2 scrolls labelled OVEREI APARCHEU.
   790 | D:1      | 790 ||| READING scroll labelled TUKETOCUBI.
   791 | D:1      | 791 ||| DRINKING 2 yellow potions.
   865 | D:2      | 865 ||| Stepping ~*~*~tactically~*~*~ (hiding).
  1010 | D:2      | 1010 ||| Stepping ~*~*~tactically~*~*~ (stealth).
  1028 | D:2      | 1028 ||| FLEEEEING.
  1029 | D:2      | 1029 ||| FLEEEEING.
  1187 | D:2      | Reached XP level 4. HP: 28/28 MP: 4/4
  1254 | D:2      | Reached skill level 4 in Axes
  1465 | D:2      | 1465 ||| READING scroll labelled OSSUJI KACIWK.
  1466 | D:2      | 1466 ||| READING 2 scrolls labelled XIRUPS LAYTOKH.
  1467 | D:2      | 1467 ||| READING scroll labelled GIRGHI CUMAUL.
  1468 | D:2      | 1468 ||| DROPPING +0 whip.
  1469 | D:2      | 1469 ||| DROPPING scroll of immolation.
  1521 | D:3      | 1521 ||| Stepping ~*~*~tactically~*~*~ (hiding).
  1522 | D:3      | 1522 ||| Stepping ~*~*~tactically~*~*~ (hiding).
  1523 | D:3      | 1523 ||| Stepping ~*~*~tactically~*~*~ (hiding).
  1672 | D:3      | Noticed Jessica
  1677 | D:3      | Killed Jessica
  1729 | D:3      | Reached XP level 5. HP: 32/32 MP: 5/5
  2357 | D:3      | 2357 ||| UPGRADING to +0 pair of gloves.
  2362 | D:3      | 2362 ||| READING 2 scrolls of identify.
  2362 | D:3      | 2362 ||| IDENTIFYING coppery potion
  2391 | D:4      | 2391 ||| STAIRDANCE
  2398 | D:3      | Reached skill level 5 in Axes
  2416 | D:4      | Found a staircase to the Ecumenical Temple.
  2416 | D:4      | Noticed an ogre
  2417 | D:4      | 2417 ||| PLANNING TEMPLE
  2424 | D:4      | Killed an ogre
  2425 | D:4      | Reached XP level 6. HP: 39/39 MP: 6/6
  2434 | Temple   | Entered the Ecumenical Temple
  2565 | Temple   | 2565 ||| PLANNING D:1-11
  2620 | D:4      | 2620 ||| Stepping ~*~*~tactically~*~*~ (stealth).
  2622 | D:4      | 2622 ||| Stepping ~*~*~tactically~*~*~ (stealth).
  2994 | D:4      | 2994 ||| READING scroll of brand weapon.
  2994 | D:4      | 2994 ||| BRANDING +0 war axe of flaming.
  3102 | D:4      | Reached skill level 6 in Axes
  3106 | D:4      | Reached XP level 7. HP: 21/44 MP: 7/7
  3193 | D:4      | 3193 ||| DROPPING +0 flail.
  3214 | D:4      | Reached skill level 1 in Dodging
  3547 | D:4      | 3547 ||| READING 4 scrolls labelled SUYLAN XARIF.
  3548 | D:4      | 3548 ||| READING scroll labelled QYEMMYITYBB.
  3549 | D:4      | 3549 ||| DRINKING 3 viscous brown potions.
  3550 | D:4      | 3550 ||| DROPPING 3 scrolls of blinking.
  3587 | D:5      | Entered Level 5 of the Dungeon
  3587 | D:5      | Noticed Grinder
  3593 | D:5      | Paralysed by Grinder for 5 turns
  3603 | D:5      | 3603 ||| FLEEEEING.
  3604 | D:5      | 3604 ||| FLEEEEING.
  3605 | D:5      | 3605 ||| FLEEEEING.
  3606 | D:5      | 3606 ||| FLEEEEING.
  3607 | D:5      | 3607 ||| STAIRDANCE
  3631 | D:5      | 3631 ||| Stepping ~*~*~tactically~*~*~ (hiding).
  3645 | D:5      | Paralysed by Grinder for 4 turns
  3653 | D:5      | Paralysed by Grinder for 5 turns
  3658 | D:5      | 3658 ||| FLEEEEING.
  3659 | D:5      | 3659 ||| STAIRDANCE
  3720 | D:5      | Paralysed by Grinder for 2 turns
  3727 | D:5      | Killed Grinder
  3728 | D:5      | Reached skill level 7 in Axes
  3728 | D:5      | Reached XP level 8. HP: 24/48 MP: 8/8
  3812 | D:5      | 3812 ||| Stepping ~*~*~tactically~*~*~ (stealth).
  3813 | D:5      | 3813 ||| Stepping ~*~*~tactically~*~*~ (stealth).
  3814 | D:5      | 3814 ||| Stepping ~*~*~tactically~*~*~ (stealth).
  3845 | D:5      | 3845 ||| Stepping ~*~*~tactically~*~*~ (stealth).
  3891 | D:5      | Found a hazy altar of Hepliaklqana.
  4059 | D:5      | Noticed Blork the orc
  4069 | D:5      | Killed Blork the orc
  4120 | D:5      | 4120 ||| Stepping ~*~*~tactically~*~*~ (stealth).
  4388 | D:5      | 4388 ||| READING 3 scrolls labelled KUISEU VENE.
  4393 | D:5      | 4393 ||| DRINKING 2 orange potions.
  4602 | D:6      | Reached skill level 1 in Throwing
  4631 | D:6      | Reached skill level 8 in Axes
  4662 | D:6      | 4662 ||| FLEEEEING.
  4685 | D:6      | HP: 10/51 [ice beast (10)]
  4686 | D:6      | 4686 ||| READING 2 scrolls of teleportation.
  4724 | D:6      | HP: 6/51 [ice beast (14)]
  4724 | D:6      | Slain by an ice beast

Levels and vault maps discovered:
D:1:      minmay_arrival_diagonal_passages, layout_basic, item_on_display_b
D:2:      layout_basic, minmay_misc_feat_tiny, nicolae_wormholes
D:3:      layout_basic, serial_curves, eino_curves_02, eino_curves_04,
          minmay_misc_feat_rugged, grunt_ministairs_9, uniq_jessica
D:4:      layout_gridville, minmay_temple_entry_drinking_statues,
          chequers_serial_rivers_large_a, kennysheep_generic_room_5
D:5:      layout_cave_pools, nicolae_hepliaklqana_hazy_memory,
          corexii_leaking_fountain, minmay_crystal_water,
          ebering_dispersal_statue_hall, chequers_serial_rivers_small_b,
          nicolae_figureground_sparkle, uniq_blork_the_orc, uniq_grinder
D:6:      layout_gridville, serial_bayou, serial_bayou_lagoon_a,
          serial_bayou_shore_b, serial_bayou_pond_a, serial_bayou_lagoon_b,
          serial_bayou_crossing, serial_bayou_pond_d
Temple:   chequers_temple_sunken

Skill      XL: |  1  2  3  4  5  6  7  8 |
---------------+-------------------------+-----
Axes           | 2 3 4 5 6 7 8 |  8.0
Fighting       | 4 5 |  5.9
Dodging        | 1 |  1.0
Armour         | 4 |  4.2
Throwing       | 1 |  1.0
Shields        | |  3.2

Action                     |  1- 3 |  4- 6 |  7- 9 || total
---------------------------+-------+-------+-------++-------
  Melee: War axe           |    75 |   151 |   134 ||   360
  Throw: Boomerang         |    48 |    60 |    41 ||   149
    Use: Scroll            |     3 |     5 |     4 ||    12
         Potion            |     1 |       |     2 ||     3
 Armour: Scale mail        |    12 |       |       ||    12
         Chain mail        |    36 |   118 |    91 ||   245
  Dodge: Dodged            |    39 |    60 |    42 ||   141
  Block: Buckler           |    12 |    30 |    22 ||    64

Table legend:
 A = Non-vault XP
 B = Vault XP
 C = Vault XP percentage of total XP
 D = Non-vault monster count
 E = Vault monster count
 F = Vault count percentage of total count
                 A         B        C        D         E       F
            +---------+---------+-------+---------+---------+-------
      Total |    1463 |     425 |  22.5 |     100 |      10 |   9.1
            +---------+---------+-------+---------+---------+-------
        D:1 |      39 |       0 |   0.0 |      20 |       0 |   0.0
        D:2 |      61 |       5 |   7.6 |      20 |       1 |   4.8
        D:3 |      74 |      55 |  42.6 |      13 |       4 |  23.5
        D:4 |     638 |      12 |   1.8 |      32 |       3 |   8.6
        D:5 |     232 |     353 |  60.3 |      10 |       2 |  16.7
        D:6 |     419 |       0 |   0.0 |       5 |       0 |   0.0
            +---------+---------+-------+---------+---------+-------
